 Dungeon Crawl Stone Soup version 0.25-a0-886-gd7461d2276 (webtiles) character file.

Game seed: 6155736574752440706, levelgen mode: deterministic

758 Maedhros the Insei (level 7, -5/43 HPs)
             Began as an Octopode Artificer on May 2, 2020.
             Was a Plaything of Xom.
             Killed from afar by Dowan (15 damage)
             ... with a shard of ice
             ... on level 5 of the Dungeon.
             The game lasted 00:08:14 (1891 turns).

Maedhros the Insei (Octopode Artificer)             Turns: 1891, Time: 00:08:15

Health: -5/43      AC:  1    Str: 11    XL:     7   Next: 80%
Magic:  9/9        EV: 13    Int: 14    God:    Xom [......]
Gold:   108        SH:  0    Dex: 14    Spells: 6/6 levels left

rFire    x x .     SeeInvis .   a - +0 short sword
rCold    + + .     Gourm    .   (no shield)
rNeg     . . .     Faith    .   (helmet restricted)
rPois    .         Spirit   .   (no amulet)
rElec    .         Reflect  .   h - ring of ice
rCorr    .         Harm     .   A - ring of ice
MR       .....                  (no ring)
Stlth    ++++......             (no ring)
HPRegen  0.14/turn              (no ring)
MPRegen  0.11/turn              (no ring)
                                (no ring)
                                (no ring)

@: about to teleport
A: almost no armour, stealthy swim, amphibious, 8 rings, constrict 8, camouflage
1, gelatinous body 1
a: Renounce Religion


You were on level 5 of the Dungeon.
You worshipped Xom.
You were a very special plaything of Xom.
You were not hungry.

You visited 2 branches of the dungeon, and saw 6 of its levels.
You also visited: Sewer.

You collected 108 gold pieces.

Inventory:

Hand Weapons
 a - a +0 short sword (weapon)
 m - a +0 hunting sling
 t - a +0 hand axe
 x - a +0 hunting sling of flaming
 z - a +0 trident
Missiles
 n - 46 stones (quivered)
 r - 7 javelins
 w - 29 poisoned darts
Jewellery
 h - a ring of ice (left tentacle)
 A - a ring of ice (right tentacle)
Wands
 b - a wand of flame (9)
 d - a wand of random effects (5)
 D - a wand of polymorph (10)
Scrolls
 k - a scroll of amnesia {unknown}
 o - 3 scrolls of identify {unknown}
 p - a scroll of blinking {unknown}
 q - 6 scrolls of remove curse {unknown}
 s - a scroll of random uselessness {unknown}
 y - a scroll of teleportation
 B - a scroll of fear {unknown}
Potions
 e - a potion of curing {unknown}
 g - 2 potions of heal wounds {unknown}
 i - a potion of brilliance {unknown}
 j - a potion of magic {unknown}
 l - a potion of degeneration {unknown}
 u - a potion of ambrosia {unknown}
 v - 4 potions of flight
Comestibles
 f - 8 rations


   Skills:
 - Level 1.0 Fighting
 - Level 1.0 Short Blades
 - Level 2.0 Dodging
 - Level 4.0 Stealth
 + Level 7.8 Unarmed Combat
 - Level 3.2 Evocations


You had 6 spell levels left.
You didn't know any spells.
Your spell library was empty.

Dungeon Overview and Level Annotations

Branches:
Dungeon (5/15)             Temple (1/1) D:4           Sewer (visited)

Altars:
Ashenzari
Elyvilon
Makhleb
Nemelex Xobeh
Okawaru
Uskayaw
Vehumet
Wu Jian
Xom
Yredelemnul
The Shining One

Annotations:
D:2 Robin
D:5 Dowan


Innate Abilities, Weirdness & Mutations

You cannot wear most types of armour.
You are very stealthy in the water. (Stealth+)
You are amphibious.
You can wear up to eight rings at the same time.
You can use your tentacles to constrict eight enemies at once.
Your skin changes colour to match your surroundings (Stealth+).
Your rubbery body absorbs attacks. (AC +1, EV +1)


Message History

You hear a twanging sound.
An arrow appears from out of thin air!
The arrow hits you.
* * * LOW HITPOINT WARNING * * *
Really walk into that dispersal trap?
You enter a dispersal trap!
The ice beast blinks!
Dowan blinks!
You blink.
Okay, then.
Evoke which item? (* to show all) (? for menu, Esc to quit)
You don't have any such object.
Evoke which item? (* to show all) (? for menu, Esc to quit)
Okay, then.
Evoke which item? (* to show all) (? for menu, Esc to quit)
Okay, then.
As you read the scroll of teleportation, it crumbles to dust.
You feel strangely unstable.
Dowan casts a spell.
Dowan blinks!
Dowan casts a spell at you. The shard of ice hits you! You partially resist.
You die...
Xom bursts into laughter!

...# #.....# ... ...#
##.....# ....
.<.####......### ((...
...o...........## #.....
.........<..÷...#####......
...##..#...........#(......
####..##.....###.(e(.......
...# ##....§..)(.#.#.....
... ...######@.##.# ...
##### ##Y(#..# # #.....##
#### #.(...# .. ..#
#####.(^#..... <.
#.####......§###### ..
#.##...###..## ..#
#......###..###### >..
###..##..†.........


You could see an ice beast and Dowan.

Vanquished Creatures
  2 crimson imps
  A hound (D:5)
  A merfolk siren (Sewer)
  An iguana (D:5)
  A merfolk avatar (Sewer)
  A gnoll (D:3)
  4 adders
  2 river rats (Sewer)
  2 oozes
  3 leopard geckos
  2 orcs (D:4)
  4 ball pythons
  2 giant cockroaches (D:4)
  6 goblins
  2 hobgoblins (D:1)
  A jackal (D:4)
  A quokka (D:5)
  3 bats
  8 frilled lizards
  3 kobolds
  27 rats
77 creatures vanquished.

Vanquished Creatures (collateral kills)
  Pikel (D:4)
  Duvessa (D:5)
  A gnoll (D:3)
  An ooze (D:4)
  4 orcs (D:5)
  A rat (Sewer)
9 creatures vanquished.

Vanquished Creatures (others)
  3 slaves (D:4)
  A hound (D:4)
  A gnoll (D:3)
  A giant cockroach (D:4)
  2 jackals (D:4)
  A goblin (D:4)
  A leopard gecko skeleton (D:4)
10 creatures vanquished.

Grand Total: 96 creatures vanquished

Notes
Turn   | Place    | Note
-------+----------+-------------------------------------------
     0 | D:1      | Maedhros the Octopode Artificer began the quest for the
                  | Orb.
     0 | D:1      | Reached XP level 1. HP: 13/13 MP: 3/3
   101 | D:2      | Noticed Robin
   108 | D:2      | Reached XP level 2. HP: 14/18 MP: 4/4
   391 | D:2      | Reached skill level 1 in Unarmed Combat
   391 | D:2      | Reached XP level 3. HP: 6/23 MP: 5/5
   441 | D:3      | Found an iron altar of Okawaru.
   452 | D:3      | Reached skill level 2 in Unarmed Combat
   452 | D:3      | Reached XP level 4. HP: 11/28 MP: 6/6
   607 | D:4      | Found a shimmering altar of Xom.
   611 | D:4      | Became a worshipper of Xom of Chaos
   635 | D:4      | Reached skill level 3 in Unarmed Combat
   638 | D:4      | Found a shattered altar of Ashenzari.
   672 | D:4      | Noticed a slave
   691 | D:4      | Noticed Pikel
   691 | D:4      | Noticed a slave
   691 | D:4      | XOM: potion effect (brilliance)
   691 | D:4      | Noticed a slave
   692 | D:4      | Noticed a slave
   736 | D:4      | Found a staircase to the Ecumenical Temple.
   747 | Temple   | Entered the Ecumenical Temple
   787 | D:4      | Killed a freed slave
   962 | D:4      | XOM: silly message
   971 | D:4      | Killed a freed slave
  1019 | D:4      | Found a glowing drain.
  1023 | D:4      | Reached XP level 5. HP: 22/33 MP: 7/7
  1034 | Sewer    | Entered a sewer
  1248 | Sewer    | Reached skill level 4 in Unarmed Combat
  1331 | Sewer    | Noticed a malarious merfolk avatar
  1341 | Sewer    | Killed a malarious merfolk avatar
  1348 | Sewer    | Reached XP level 6. HP: 17/38 MP: 8/8
  1377 | Sewer    | XOM is BORED!
  1630 | D:4      | Killed Pikel
  1630 | D:4      | Reached skill level 7 in Unarmed Combat
  1630 | D:4      | Reached XP level 7. HP: 15/43 MP: 9/9
  1730 | D:5      | Entered Level 5 of the Dungeon
  1866 | D:5      | XOM: enchant monster (good)
  1867 | D:5      | XOM: fog
  1873 | D:5      | Noticed Dowan
  1874 | D:5      | Noticed Duvessa
  1886 | D:5      | Killed Duvessa
  1891 | D:5      | Killed from afar by Dowan

Levels and vault maps discovered:
D:1:      kennysheep_arrival_forest, layout_basic
D:2:      layout_basic, uniq_robin
D:3:      layout_loops_ring, okawaru_ov_weapons_minmay, uniq_grinder,
          uniq_natasha
D:4:      wander_river, layout_loops_cross, fedhas_altar_4,
          brannock_xom_greatest_gift, minmay_temple_entry_sparse_star,
          portal_sewer_entry_d, ashenzari_altar_1, uniq_pikel
D:5:      layout_rooms, grunt_temple_overflow_open, serial_shops,
          nicolae_shop_overgrown_old_shop, first_ration, uniq_duvessa
Temple:   eino_temple_lava

Skill      XL: |  1  2  3  4  5  6 |
---------------+-------------------+-----
Stealth        | 2 4 |  4.0
Unarmed Combat | 1 2 3 4 7 |  7.8
Fighting       | |  1.0
Short Blades   | |  1.0
Dodging        | |  2.0
Evocations     | |  3.2

Action                   |  1- 3 |  4- 6 |  7- 9 || total
-------------------------+-------+-------+-------++-------
Melee: Short sword       |    42 |    68 |    11 ||   121
       Tentacles         |     9 |    12 |     3 ||    24
       Constrict         |     6 |    25 |     2 ||    33
       Punch             |       |     2 |     1 ||     3
Evoke: Wand              |     1 |    21 |     9 ||    31
  Use: Scroll            |       |       |     1 ||     1
 Stab: Sleeping          |     5 |    11 |     3 ||    19
  Eat: Chunk             |       |     1 |     2 ||     3
Armor: Skin              |     4 |     3 |       ||     7
Dodge: Dodged            |    28 |    33 |     8 ||    69

Table legend:
 A = Non-vault XP
 B = Vault XP
 C = Vault XP percentage of total XP
 D = Non-vault monster count
 E = Vault monster count
 F = Vault count percentage of total count
                 A         B        C        D         E       F
            +---------+---------+-------+---------+---------+-------
      Total |     286 |     798 |  73.6 |      38 |      49 |  56.3
            +---------+---------+-------+---------+---------+-------
        D:1 |      13 |       2 |  13.3 |       9 |       1 |  10.0
        D:2 |      28 |       5 |  15.2 |       7 |       3 |  30.0
        D:3 |      70 |       0 |   0.0 |       5 |       0 |   0.0
        D:4 |      37 |     555 |  93.8 |       8 |       2 |  20.0
        D:5 |     138 |      74 |  34.9 |       9 |       1 |  10.0
      Sewer |       0 |     162 | 100.0 |       0 |      42 | 100.0
            +---------+---------+-------+---------+---------+-------
